 Dungeon Crawl Stone Soup version 0.22-a0-354-g30dfbe6 (webtiles) character file.

10249 Amnesiac the Necromancer (level 11, -12/60 (61) HPs)
             Began as a Deep Elf Necromancer on Apr 16, 2018.
             Was a High Priest of Sif Muna.
             Mangled by Urug
             ... wielding a +3 halberd
              (30 damage)
             ... on level 10 of the Dungeon.
             The game lasted 00:24:07 (8614 turns).

Amnesiac the Necromancer (Deep Elf Necromancer)     Turns: 8614, Time: 00:24:07

HP:   -12/60 (61)   AC:  7    Str:  9    XL:     11   Next: 33%
MP:   26/38         EV: 14    Int: 30    God:    Sif Muna [*****.]
Gold: 221           SH:  5    Dex: 15    Spells: 24/34 levels left

rFire    . . .     SeeInvis .   a - +4 whip (pain)
rCold    + . .     Gourm    .   A - +0 buckler
rNeg     . . .     Faith    .   P - +2 robe {rC+}
rPois    .         Spirit   .   (no helmet)
rElec    .         Reflect  .   k - +0 cloak
rCorr    .         Harm     .   (no gloves)
MR       +....                  J - +2 pair of boots {run}
Stlth    ++........             d - amulet of rage
HPRegen  0.20/turn              n - ring of magical power
MPRegen  0.26/turn              y - +4 ring of intelligence

@: divine energy, quick
A: clever 1, deformed body, strong 2
a: Stop Divine Energy, Channel Magic, Forget Spell, Renounce Religion, Evoke
Berserk Rage


You were on level 10 of the Dungeon.
You worshipped Sif Muna.
Sif Muna was extremely pleased with you.
You were not hungry.

You visited 2 branches of the dungeon, and saw 11 of its levels.
You also visited: Ossuary.

You collected 603 gold pieces.
You spent 382 gold pieces at shops.

Inventory:

Hand Weapons
 a - a +4 whip of pain (weapon)
 b - a +1 dagger of electrocution
 v - the +1 quarterstaff "Yrchazeyg" {freeze, +Rage rF+ Int+2, unknown}
   (You found it on level 6 of the Dungeon)

   It has been specially enchanted to freeze those struck by it, causing extra
   injury to most foes and up to half again as much damage against particularly
   susceptible opponents.
   It can also slow down cold-blooded creatures.
   It affects your intelligence (+2).
   It protects you from fire.
   It lets you go berserk.
 w - a +0 blowgun
Missiles
 e - 4 curare-tipped needles
 f - 71 poisoned needles
 I - 13 throwing nets (quivered)
Armour
 k - a +0 cloak (worn)
 A - a +0 buckler (worn)
 J - a +2 pair of boots of running (worn)
 P - a +2 robe of cold resistance (worn)
Jewellery
 d - an amulet of rage (around neck)
 n - a ring of magical power (left hand)
 o - an uncursed ring of flight
 x - an uncursed amulet of the acrobat
 y - a +4 ring of intelligence (right hand)
 B - an uncursed ring of fire
Wands
 l - a wand of polymorph (8)
 z - a wand of iceblast (12)
 G - a wand of random effects (31)
Scrolls
 i - 3 scrolls of blinking {!r}
 m - 2 scrolls of remove curse {!r}
 s - 2 scrolls of fear {!r}
 C - a scroll of teleportation {!r}
 K - a scroll of fog {!r}
 L - a scroll of magic mapping {!r}
Potions
 g - 4 potions of haste {!q}
 h - 3 potions of heal wounds {!q}
 p - a potion of flight {!q}
 q - a potion of agility {!q}
 r - a potion of brilliance {!q}
 t - 2 potions of might {!q}
 u - 3 potions of mutation {!q}
 D - 3 potions of curing {!q}
 E - a potion of lignification {!q}
 H - a potion of cancellation {!q}
 M - 3 potions of resistance {!q}
Comestibles
 c - 27 rations
 j - 6 chunks of flesh


   Skills:
 - Level 4.2 Fighting
 - Level 4.2 Dodging
 - Level 2.4 Stealth
 - Level 4.0 Shields
 + Level 12.4 Spellcasting
 * Level 15.2 Necromancy


You had 24 spell levels left.
You knew the following spells:

 Your Spells              Type           Power        Failure   Level  Hunger
b - Animate Dead          Necr           N/A          1%          4    None
d - Vampiric Draining     Necr           #######...   0%          3    None
r - Regeneration          Chrm/Necr      ######....   1%          3    None


Dungeon Overview and Level Annotations

Branches:
Dungeon (10/15)            Temple (1/1) D:4            Lair (0/6) D:10
    Orc: D:9-12

Altars:
Ashenzari
Cheibriados
Dithmenos
Elyvilon
Fedhas
Gozag
Hepliaklqana
Kikubaaqudgha
Makhleb
Nemelex Xobeh
Okawaru
Qazlal
Ru
Sif Muna
Trog
Uskayaw
Vehumet
Wu Jian
Xom
Yredelemnul
Zin
The Shining One

Shops:
D:5 *([!!   D:6 :   D:7 [(!?   D:9 [

Annotations:
D:2 2 transporters, Menkaure
D:10 Urug


Innate Abilities, Weirdness & Mutations

Your mind is acute. (Int +2)
Armour fits poorly on your strangely shaped body.
Your muscles are very strong. (Str +4)


Message History

You see here a javelin.
Urug is nearby!
Urug is nearby!
Urug is nearby!
You see here a killer bee corpse.
You start resting.
A hippogriff and Urug come into view.
Urug sings a few bars from the Orcish anthem.
Urug closely misses you.
You see here a javelin.
You hit Urug.
Urug writhes in agony.
Urug is lightly wounded.
Urug closely misses you.
You barely miss Urug.
Urug is lightly wounded.
You hit Urug but do no damage.
Urug writhes in agony.
Urug is lightly wounded.
Urug howls with blood-lust.
Urug hits you with an enchanted halberd!
Casting: Vampiric Draining (safe; 0% risk of failure)
Confirm with . or Enter, or press ? or * to list all spells.
Aiming: Vampiric Draining (safe; 0% risk of failure)
Press: ? - help, Shift-Dir - straight line, f - hippogriff
Aim: a hippogriff The hippogriff is heavily wounded.
You feel life coursing into your body.
Urug hits you with an enchanted halberd.
The hippogriff bites you! You block the hippogriff's attack. x2
Casting: Vampiric Draining (safe; 0% risk of failure)
Confirm with . or Enter, or press ? or * to list all spells.
Aiming: Vampiric Draining (safe; 0% risk of failure)
Press: ? - help, Shift-Dir - straight line, f/p - hippogriff
Aim: a hippogriff (heavily wounded)
The hippogriff is severely wounded.
You feel life coursing into your body.
Urug hits you with an enchanted halberd!
* * * LOW HITPOINT WARNING * * *
The hippogriff bites you!
* * * LOW HITPOINT WARNING * * *
The hippogriff pecks you.
* * * LOW HITPOINT WARNING * * *
The hippogriff claws you but does no damage.
Casting: Vampiric Draining (safe; 0% risk of failure)
Confirm with . or Enter, or press ? or * to list all spells.
Aiming: Vampiric Draining (safe; 0% risk of failure)
Press: ? - help, Shift-Dir - straight line, f/p - hippogriff
Aim: a hippogriff (severely wounded)
The hippogriff is almost dead.
You feel life coursing into your body. You block the hippogriff's attack.
The hippogriff pecks you but does no damage.
The hippogriff claws you but does no damage.
Urug hits you with an enchanted halberd!
* * * LOW HITPOINT WARNING * * *
Casting: Vampiric Draining (safe; 0% risk of failure)
Confirm with . or Enter, or press ? or * to list all spells.
Aiming: Vampiric Draining (safe; 0% risk of failure)
Press: ? - help, Shift-Dir - straight line, f/p - hippogriff
Aim: a hippogriff (almost dead)
You kill the hippogriff!
Sif Muna accepts your kill.
You feel life coursing into your body.
Urug hits you with an enchanted halberd!!
Ouch! That really hurt!
You die...

...##......#
#.# #.#
########...#
#.# #....#
#...# #.#
####.. #..##
#.# . #...##
#.# #.#>.#
#.# #.##.##
#.#
y.##..###†#
#..###y.##@#
##.......o†#
#.####......#
##...###
#.....
(.##... #...
..## .... ###
.....


You could see Urug.

Vanquished Creatures
  A fire dragon (D:9)
  Maurice (D:8)
  Psyche (D:9)
  A komodo dragon (D:10)
  2 trolls
  Prince Ribbit (D:7)
  2 hippogriffs
  6 yaks
  2 wyverns (D:10)
  Grum (D:10)
  2 hungry ghosts
  2 water moccasins
  2 soldier ants (D:9)
  2 orc warriors
  A swamp drake (D:10)
  6 ice beasts
  3 sky beasts
  2 necrophages
  2 wolves
  5 ogres
  2 centaurs
  2 crocodiles (D:10)
  A big kobold (D:7)
  7 bullfrogs
  6 scorpions
  A water moccasin skeleton (D:7)
  11 killer bees
  2 howler monkeys
  5 crimson imps
  A bullfrog zombie (D:7)
  2 centaur zombies
  6 orc priests
  5 hounds
  3 centaur skeletons
  Jessica (D:2)
  A gnoll shaman (D:4)
  An iguana (D:6)
  13 orc wizards
  9 worker ants
  A big kobold zombie (Ossuary)
  A hound skeleton (D:6)
  5 mummies (Ossuary)
  2 worker ant zombies
  14 gnolls
  14 adders
  4 shadow imps
  An ooze (D:2)
  2 worms
  6 dart slugs
  5 leopard geckos
  34 orcs
  3 bats (D:3)
  10 giant cockroaches
  7 goblins
  4 hobgoblins
  7 jackals
  12 kobolds
  3 quokkas (D:2)
  4 ball pythons
  3 frilled lizards
  3 hobgoblin zombies (Ossuary)
  2 leopard gecko skeletons
  9 rats
  A plant (D:2)
281 creatures vanquished.

Vanquished Creatures (others)
  A plant (D:2)
1 creature vanquished.

Grand Total: 282 creatures vanquished

Notes
Turn   | Place    | Note
-------+----------+-------------------------------------------
     0 | D:1      | Amnesiac the Deep Elf Necromancer began the quest for the Orb.
     0 | D:1      | Reached XP level 1. HP: 10/10 MP: 6/6
   131 | D:1      | Reached skill level 5 in Necromancy
   131 | D:1      | Reached XP level 2. HP: 9/16 MP: 5/8
   209 | D:1      | Reached skill level 1 in Fighting
   502 | D:1      | Found a snail-covered altar of Cheibriados.
   631 | D:1      | Reached XP level 3. HP: 17/20 MP: 10/10
   930 | D:2      | Learned a level 3 spell: Vampiric Draining
   934 | D:2      | Learned a level 3 spell: Regeneration
   979 | D:2      | Reached XP level 4. HP: 22/26 MP: 12/12
  1484 | D:2      | Found a sparkling altar of Nemelex Xobeh.
  1484 | D:2      | Noticed Jessica
  1489 | D:2      | Killed Jessica
  1489 | D:2      | Reached skill level 5 in Spellcasting
  1519 | D:2      | Found a transporter.
  1519 | D:2      | Found a basalt altar of Yredelemnul.
  1521 | D:2      | Noticed Menkaure
  1528 | D:2      | Found a transporter.
  1557 | D:2      | Found an ancient bone altar of Kikubaaqudgha.
  1811 | D:3      | Reached XP level 5. HP: 27/31 MP: 14/14
  2077 | D:2      | Reached XP level 6. HP: 27/37 MP: 12/16
  2395 | D:4      | Learned a level 4 spell: Animate Dead
  2975 | D:4      | Reached skill level 6 in Necromancy
  2975 | D:4      | Reached XP level 7. HP: 14/43 MP: 17/17
  3019 | D:4      | Found a staircase to the Ecumenical Temple.
  3033 | Temple   | Entered the Ecumenical Temple
  3359 | D:5      | Entered Level 5 of the Dungeon
  3383 | D:5      | Reached skill level 1 in Shields
  3417 | D:5      | Found a glowing golden altar of the Shining One.
  3417 | D:5      | Found a glowing silver altar of Zin.
  3417 | D:5      | Found a white marble altar of Elyvilon.
  3487 | D:5      | Found Qyfofo's Distillery.
  3490 | D:5      | Bought a potion of heal wounds for 65 gold pieces
  3490 | D:5      | Bought a potion of curing for 39 gold pieces
  3490 | D:5      | Bought a potion of lignification for 39 gold pieces
  3490 | D:5      | Bought a potion of agility for 52 gold pieces
  3545 | D:5      | Found Sizehuz's Distillery.
  3599 | D:5      | Found a deep blue altar of Sif Muna.
  3599 | D:5      | Found a blossoming altar of Fedhas.
  3627 | D:5      | Became a worshipper of Sif Muna the Loreminder
  3637 | D:5      | Found an iron altar of Okawaru.
  3656 | D:5      | Gained mutation: Your mind is acute. (Int +2) [potion of mutation]
  3656 | D:5      | Gained mutation: Your muscles are strong. (Str +2) [potion of mutation]
  3656 | D:5      | Gained mutation: Armour fits poorly on your strangely shaped body. [potion of mutation]
  3656 | D:5      | Gained mutation: Your muscles are very strong. (Str +4) [potion of mutation]
  3681 | D:5      | Found Irubboi's General Store.
  3734 | D:5      | Found a hide-covered altar of Uskayaw.
  3796 | D:5      | Found Innorogh's Antique Armour Boutique.
  3821 | D:5      | Found a shadowy altar of Dithmenos.
  3821 | D:5      | Found a radiant altar of Vehumet.
  3850 | D:5      | Reached XP level 8. HP: 22/48 MP: 17/18
  3921 | D:5      | Found Uklissi's Weapon Boutique.
  4390 | D:6      | Found Lugywk's Book Boutique.
  4425 | D:6      | Reached skill level 7 in Necromancy
  4602 | D:6      | Reached * piety under Sif Muna
  4604 | D:6      | Reached skill level 8 in Necromancy
  4657 | D:6      | Got a brightly glowing quarterstaff
  4881 | D:6      | Reached skill level 9 in Necromancy
  5007 | D:7      | Found a sparkling altar of Nemelex Xobeh.
  5029 | D:7      | Noticed a hippogriff
  5039 | D:7      | Killed a hippogriff
  5039 | D:7      | Reached ** piety under Sif Muna
  5039 | D:7      | Reached XP level 9. HP: 25/51 MP: 22/22
  5084 | D:7      | Found Vatwadosch's Antique Weapon Shop.
  5113 | D:7      | Found a shattered altar of Ashenzari.
  5130 | D:7      | Reached skill level 10 in Necromancy
  5147 | D:7      | Found Fexef's Distillery.
  5159 | D:7      | Found Soxyfel's Magic Scroll Shop.
  5253 | D:7      | Found a sand-covered staircase.
  5266 | Ossuary  | Entered an ossuary
  5654 | D:7      | Noticed Prince Ribbit
  5659 | D:7      | Found a hazy altar of Hepliaklqana.
  5662 | D:7      | Killed Prince Ribbit
  5736 | D:7      | Reached skill level 11 in Necromancy
  5744 | D:7      | Found Tikedih's Antique Armour Shoppe.
  5795 | D:7      | Reached *** piety under Sif Muna
  6156 | D:5      | Bought a pair of glowing boots for 187 gold pieces
  6161 | D:5      | Identified a +2 pair of boots of running (You bought it in a shop on level 5 of the Dungeon)
  6240 | D:8      | Reached skill level 12 in Necromancy
  6360 | D:8      | Reached XP level 10. HP: 42/56 MP: 25/25
  6366 | D:8      | Reached skill level 10 in Spellcasting
  6388 | D:8      | Noticed Maurice
  6402 | D:8      | Killed Maurice
  6491 | D:8      | Found a hide-covered altar of Uskayaw.
  7002 | D:9      | Noticed Psyche
  7016 | D:9      | Killed Psyche
  7084 | D:9      | Reached **** piety under Sif Muna
  7084 | D:9      | Reached skill level 13 in Necromancy
  7241 | D:9      | Found Olosmipn's Armour Boutique.
  7510 | D:9      | Noticed a fire dragon
  7565 | D:9      | Killed a fire dragon
  7651 | D:9      | Reached skill level 14 in Necromancy
  7818 | D:10     | Entered Level 10 of the Dungeon
  7818 | D:10     | Noticed Grum
  8012 | D:10     | Killed Grum
  8012 | D:10     | Reached XP level 11. HP: 29/60 MP: 27/28
  8018 | D:10     | Reached ***** piety under Sif Muna
  8330 | D:10     | Found a staircase to the Lair.
  8441 | D:10     | Reached skill level 15 in Necromancy
  8484 | D:10     | Noticed Urug
  8614 | D:10     | Mangled by Urug

Vault maps used:
D:1:      lightli_iron_boxes, cheibriados_altar_1
D:2:      wad_woods_settlement, gammafunk_temple_of_torment,
          nemelex_lonely_heart_becter
D:3:      first_ration, minmay_shallow_snake_nest
D:4:      minmay_temple_entry_water_ring, minmay_strange_pillars
D:5:      good_gods_mini_temple, minitemple, old_standard_altar,
          gammafunk_temple_overflow_elements, serial_shops, kennysheep_mini,
          shop, nicolae_shop_stone, kennysheep_little_box, nicolae_shop_stone,
          okawaru_trees_2
D:6:      serial_shops, nicolae_shop_behind_doors
D:7:      nicolae_overflow_hidden_temple, nemelex_xobeh_ov_fountains_minmay,
          overflow_temple_1_default, serial_shops, shop_fountains,
          nicolae_shop_temple_entry_statues_fountains, shop,
          nicolae_shop_behind_doors, nicolae_ossuary_entry_ruins,
          uniq_prince_ribbit1
D:8:      basic_altar, uniq_maurice
D:9:      dragon1_lemuel, serial_shops, kennysheep_mini_moat,
          grunt_decor_mini_mirrors, hangedman_pestilent_swarm, uniq_psyche
D:10:     erik_lair_dragon, nrook_guardian_serpent_double, uniq_urug, uniq_grum
Temple:   nicolae_temple_figure_zero
Ossuary:  ossuary_the_hunt_dpeg

Skill      XL: |  1  2  3  4  5  6  7  8  9 10 11 |
---------------+----------------------------------+-----
Necromancy     | 5 6 9 12 14 15 | 15.2
Fighting       | 1 2 3 4 |  4.2
Spellcasting   | 4 5 7 9 11 12 | 12.4
Dodging        | 3 4 |  4.2
Shields        | 3 4 |  4.0
Stealth        | |  2.4

Action                   |  1- 3 |  4- 6 |  7- 9 | 10-12 || total
-------------------------+-------+-------+-------+-------++-------
Melee: Whip              |    46 |   191 |   198 |   171 ||   606
       Dagger            |       |    41 |   115 |    85 ||   241
 Cast: Pain              |    24 |       |       |       ||    24
       Vampiric Draining |     1 |    36 |    92 |    97 ||   226
       Regeneration      |       |     4 |     9 |     6 ||    19
Invok: Divine Energy     |       |       |     1 |       ||     1
  Use: Scroll            |       |       |    11 |     9 ||    20
       Potion            |       |       |     1 |     2 ||     3
 Stab: Sleeping          |     5 |     5 |     8 |     2 ||    20
       Distracted        |       |     1 |       |       ||     1
       Held in net/web   |       |       |     1 |       ||     1
  Eat: Chunk             |       |     8 |    12 |    12 ||    32
Armor: Robe              |     4 |    17 |     3 |    47 ||    71
       Leather armour    |       |       |    20 |    24 ||    44
Dodge: Dodged            |    36 |   139 |   201 |   189 ||   565
Block: Buckler           |       |       |    73 |    78 ||   151

Table legend:
 A = Spawn XP
 B = Non-spawn XP
 C = Spawn XP percentage of total XP
 D = Spawn monster count
 E = Non-spawn monster count
 F = Spawn count percentage of total count
 G = Total turns spent on level
                    A         B        C        D         E        F      G
               +---------+---------+-------+---------+---------+-------+---------
         Total |       0 |   14642 |   0.0 |       0 |     280 |   0.0 |  8614
               +---------+---------+-------+---------+---------+-------+---------
           D:1 |       0 |      43 |   0.0 |       0 |      24 |   0.0 |   915
           D:2 |       0 |     237 |   0.0 |       0 |      23 |   0.0 |   939
           D:3 |       0 |     268 |   0.0 |       0 |      35 |   0.0 |   535
           D:4 |       0 |     329 |   0.0 |       0 |      22 |   0.0 |   852
           D:5 |       0 |     581 |   0.0 |       0 |      18 |   0.0 |   955
           D:6 |       0 |    1130 |   0.0 |       0 |      32 |   0.0 |   726
           D:7 |       0 |    2570 |   0.0 |       0 |      36 |   0.0 |   792
           D:8 |       0 |    1347 |   0.0 |       0 |      17 |   0.0 |   589
           D:9 |       0 |    3669 |   0.0 |       0 |      34 |   0.0 |  1189
          D:10 |       0 |    4310 |   0.0 |       0 |      29 |   0.0 |   640
       Ossuary |       0 |     158 |   0.0 |       0 |      10 |   0.0 |   364
               +---------+---------+-------+---------+---------+-------+---------
